← All builds
Geo sea / Armada / Economy first / OBSERVED BUILD

Standard geo sea

The role's normal opening: bot lab then shipyard in the cove, an early submarine and destroyer to contest the sea, and a geothermal around 7:45 to fund the transition into destroyers, fast assault corvettes and assault frigates.

Usually shipyard in the cove (87%)

#naval #eco · 636 distinct matches · 100 players · 81% of Armada Geo sea games · team won 54% of 682 · Recently observed

HOW TO PLAY IT

Key timing: Shipyard by 3:13

  1. Open 3 mex and wind into Bot Lab.
  2. Put up Shipyard with naval turret and BP for defense.
  3. Send out "submarine" then "destroyer" to contest the sea.
  4. Bring geothermal online to fund the fleet.
  5. Add Advanced Metal Extractor as the economy transitions.

Phase by phase

TYPICAL OF ITS 636 GAMES
  1. 1
  2. 2
  3. 3
  4. 4
PLAY THE OPENING

Follow the example game's first 6:00 step by step: what to build now, what comes next, and where it goes. At 1× it keeps pace with your own game.

  1. 1

    Up to the Bot Lab

    Economy
    • Metal Extractor3Mex
    • Wind Turbine3Wind
    Order
    1. Bot LabBot Lab after 3 mex, 3 winddone ~1:12, middle half 1:06–1:17

    Some games also: wind for allies (46%)

    By 0:55 in all: 3 mex · 3 wind

    The example game in this phase · 3 steps
    1. Mex ×3
    2. Solar ×2
    3. Bot LabBot Labdone 1:05 · typical 1:12
  2. 2

    Bot Lab to Shipyard

    Economy
    • Metal Extractor1Mex
    • Wind Turbine1Wind
    Order
    1. ShipyardShipyard after 4 mex, 4 winddone ~3:11, middle half 2:50–3:36
    Builders
    • Construction Bot3 Con bot
    • Lazarus2 Lazarus

    Some games also: pawn (45%) · con turret (38%) · crossbow (34%)

    By 2:48 in all: 4 mex · 4 wind

    The example game in this phase · 10 steps
    1. Windfor Air
    2. LazarusLazarus
    3. Construction BotCon bot
    4. Windfor Air
    5. Construction BotCon bot
    6. LazarusLazarus
    7. Construction BotCon bot
    8. LazarusLazarus
    9. PawnPawn
    10. ShipyardShipyarddone 2:43 · typical 3:11
  3. 3

    Shipyard to 5:00

    Economy
    • Metal Extractor4Mex
    • Wind Turbine1Wind
    Builders
    • Construction Ship1 Con ship
    Army
    • Dolphin3 Dolphin
    • Skater1 Skater
    • Corsair1 Destroyer
    Other
    • Radar Tower1 Radar Tower

    Some games also: Sentry (45%) · submarine (44%) · con turret (32%) · converter (30%)

    By 5:00 in all: 8 mex · 6 wind · 1 energy storage · 1 con turret

    The example game in this phase · 21 steps
    1. Mex
    2. SkaterSkater ×2
    3. Construction ShipCon ship
    4. Mex
    5. SkaterSkater
    6. Mex
    7. DolphinDolphin ×2
    8. Mex
    9. DolphinDolphin
    10. Mex
    11. DolphinDolphin
    12. Mex
    13. Con turret
    14. DolphinDolphin
    15. Grim ReaperGrim Reaper
    16. Mex ×2
    17. SkaterSkater
    18. SentrySentry
    19. CorsairDestroyerdone 5:17 · typical 5:35
    20. Wind
    21. Radar TowerRadar Tower
  4. 4

    5:00 to 10:00

    Economy
    • Metal Extractor2Mex
    • Wind Turbine12Wind
    • Energy Converter2Converter
    Builders
    • Construction Turret1 Con turret
    • Construction Ship1 Con ship
    • Grim Reaper1 Grim Reaper
    Army
    • Sentry1 Sentry
    • Dolphin5 Dolphin
    • Corsair2 Destroyer
    • Skater2 Skater

    Some games also: Radar Tower (48%) · frigate (42%) · geo (39%) · Harpoon (37%) · Naval Construction Turret (31%)

    By 10:00 in all: 11 mex · 19 wind · 1 geo · 3 converter · 1 energy storage · 2 con turret

    The example game in this phase · 123 steps
    1. Wind
    2. SentrySentry
    3. Geothermal PowerplantGeodone 6:38 · typical 7:45
    4. DolphinDolphin
    5. Wind
    6. DolphinDolphin
    7. Wind
    8. EelSubmarinedone 6:31 · typical 4:22
    9. HarpoonHarpoon
    10. Wind ×2
    11. SkaterSkater
    12. Converter
    13. Con turret
    14. CorsairDestroyer
    15. Con turret
    16. Converter ×2
    17. Con turret
    18. Converter
    19. Dragon's TeethDragon's Teeth ×2
    20. Wind
    21. Dragon's TeethDragon's Teeth
    22. SentrySentry
    23. Dragon's TeethDragon's Teeth
    24. Wind
    25. Dragon's TeethDragon's Teeth
    26. Grim ReaperGrim Reaper
    27. Dragon's TeethDragon's Teeth
    28. Wind
    29. Energy storage
    30. Dragon's TeethDragon's Teeth ×2
    31. CorsairDestroyer
    32. Dragon's TeethDragon's Teeth ×2
    33. Wind
    34. Dragon's TeethDragon's Teeth ×5
    35. Wind
    36. EelSubmarine
    37. Dragon's TeethDragon's Teeth
    38. Wind
    39. Dragon's TeethDragon's Teeth
    40. Wind
    41. Dragon's TeethDragon's Teeth
    42. Wind
    43. Dragon's TeethDragon's Teeth ×2
    44. Con turret
    45. Dragon's TeethDragon's Teeth ×2
    46. Energy storage
    47. SkaterSkater
    48. Advanced Metal ExtractorT2 mexdone 9:35 · typical 9:16
    49. Dragon's TeethDragon's Teeth ×2
    50. Wind
    51. CorsairDestroyer
    52. Dragon's TeethDragon's Teeth
    53. Wind
    54. Dragon's TeethDragon's Teeth ×2
    55. Construction ShipCon ship
    56. Dragon's TeethDragon's Teeth
    57. Wind
    58. CorsairDestroyer
    59. Dragon's TeethDragon's Teeth
    60. Wind
    61. Dragon's TeethDragon's Teeth
    62. Advanced Metal ExtractorT2 mex
    63. Dragon's TeethDragon's Teeth ×4
    64. Mex
    65. Grim ReaperGrim Reaper
    66. Wind
    67. Dragon's TeethDragon's Teeth ×2
    68. Wind
    69. Advanced Metal ExtractorT2 mex
    70. Dragon's TeethDragon's Teeth
    71. Naval Radar / Sonar TowerNaval Radar / Sonar Tower
    72. Grim ReaperGrim Reaper
    73. Wind
    74. Dragon's TeethDragon's Teeth
    75. Wind
    76. Con turret
    77. Dragon's TeethDragon's Teeth
    78. SentrySentry
    79. CorsairDestroyer
    80. Con turret
    81. Advanced Metal ExtractorT2 mex
    82. SentrySentry
    83. SkaterSkater
    84. NettleNettle
    85. SkaterSkater
    86. NettleNettle ×2
    87. SkaterSkater
    88. NettleNettle
    89. SentrySentry
    90. SkaterSkater ×4
    91. Advanced Metal ExtractorT2 mex
    92. SkaterSkater
    93. EllysawFrigate
    94. AnemoneAnemone
    95. EllysawFrigate
    96. SentrySentry
    97. Grim ReaperGrim Reaper
    98. AnemoneAnemone
    99. SkaterSkater
    100. Grim ReaperGrim Reaper
    101. Advanced Metal ExtractorT2 mex
    102. AnemoneAnemone
    103. Grim ReaperGrim Reaper ×2
    104. Advanced solar
    105. Construction ShipCon ship
    106. RiptideFrigatedone 13:32
    107. SentrySentry
    108. SkaterSkater
    109. Advanced solar
    110. Mex
    111. SkaterSkater
    112. CorsairDestroyer
    113. Advanced solar
    114. Grim ReaperGrim Reaper ×2
    115. Mex
    116. Grim ReaperGrim Reaper
    117. Con turret ×2
    118. CorsairDestroyer
    119. Naval Radar / Sonar TowerNaval Radar / Sonar Tower
    120. Con turret
    121. CorsairDestroyer
    122. Advanced Geothermal PowerplantAdvanced Geothermal Powerplantnot finished by 15:00
    123. CorsairDestroyer ×2

Counts are medians over the build's games: half of them build more, half fewer. The example game is KingBenjai's (45 OS, 17/09/2026); pick another.

Team trades

IN AT LEAST 30% OF ITS GAMES

You hand over

  • Wind Turbine2 Wind to Air or Suicide frontfirst at 1:41 · in 65% of games

You get

  • Finch1 Finch from Airfirst at 1:51 · in 77% of games
  • Hercules1 Light transport from Airfirst at 2:04 · in 66% of games
  • Advanced Construction Bot1 T2 con bot from Techfirst at 7:42 · in 89% of games

How it plays out

Typical game of this build, running totals by minute

Metal produced

010k20k30k
0:005:0010:0015:00

metal

Enemy metal destroyed

05k10k
0:005:0010:0015:00

metal

Own metal lost

02.5k5k7.5k
0:005:0010:0015:00

metal

682 games.

Show as table
ByMetal produced: This buildEnemy metal destroyed: This buildOwn metal lost: This build
1:0039500
2:0092800
3:00160300
4:002934051
5:00414517574
6:005548541325
7:0071031018661
8:00877917921050
9:001067325581702
10:001296034202269
11:001569646803159
12:001870257163914
13:002210468594765
14:002580179875656
15:002914191246705
WHAT THE NUMBERS SAY

Standard Armada geo sea nearly matches Cortex's economy numbers but wins slightly more often at 53%.

  • + Metal produced reaches 28785 by 15:00, the highest of the sea builds
  • + Own metal lost of 6895 stays well under enemy metal destroyed's 9048
  • − Geothermal only lands in 58% of games by 7:34
  • − T2 factory completes in only 40% of games by 12:43
THE EXAMPLE YOU ARE READING

KingBenjai

45.1 OS · 17/09/2026

Open source match ↗

4 received units · includes a constructor
464 metal received · 27283 energy received

Allied construction assistance is unknown. Timings are observations, not a promise of solo reproducibility.

Typical milestones

Bot Lab1:12Middle 50%: 1:06–1:17 · n=663
Shipyard3:11Middle 50%: 2:50–3:36 · n=674
Eel4:22Middle 50%: 3:41–5:38 · n=413
Corsair5:35Middle 50%: 4:50–6:34 · n=632
Geothermal Powerplant7:45Middle 50%: 6:47–9:11 · n=423
Advanced Metal Extractor9:16Middle 50%: 8:36–10:06 · n=595

Played most by

Optimusprimenutt50games of this buildKingBenjai48games of this buildhaaven38games of this buildHummell32games of this buildRexalidus26games of this build